 Dungeon Crawl Stone Soup version 0.21-a0-426-g98080a9 (webtiles) character file.

259 theanonym the Magician (level 5, -3/35 HPs)
             Began as a Mummy Ice Elementalist on Nov 6, 2017.
             Slain by an orc priest
             ... wielding a +0 flail
              (7 damage)
             ... on level 5 of the Dungeon.
             The game lasted 00:13:15 (6120 turns).

theanonym the Magician (Mummy Ice Elementalist)     Turns: 6120, Time: 00:13:16

Health: -3/35      AC:  2    Str: 11    XL:     5   Next: 95%
Magic:  1/12       EV: 12    Int: 15    God:
Gold:   91         SH:  0    Dex: 13    Spells: 8/14 levels left

rFire    x . .     SeeInvis .   c - +1 club
rCold    + . .     Gourm    .   (no shield)
rNeg     + + +     Faith    .   a - +0 robe
rPois    ∞         Spirit   .   (no helmet)
rElec    .         Reflect  .   (no cloak)
rCorr    .         Harm     .   (no gloves)
MR       .....                  (no boots)
Stlth    +++.......             (no amulet)
HPRegen  0.11/turn              (no ring)
MPRegen  0.13/turn              d - ring of stealth

@: very slightly contaminated
A: no food or potions, fire vulnerability, cold resistance 1, negative energy
resistance 3, torment resistance, unbreathing
a: no special abilities


Innate Abilities, Weirdness & Mutations

You do not eat or drink.
Your flesh is vulnerable to fire.
You are immune to poison.
Your flesh is cold resistant. (rC+)
You are immune to negative energy. (rN+++)
You are immune to unholy pain and torment.
You can survive without breathing.


   Skills:
 - Level 1.5 Dodging
 - Level 1.5 Stealth
 + Level 5.0 Spellcasting
 + Level 2.6 Conjurations
 + Level 3.8 Ice Magic


You had 8 spell levels left.
You knew the following spells:

 Your Spells              Type           Power        Failure   Level  Hunger
a - Freeze                Ice            ###.         3%          1    N/A
b - Throw Frost           Conj/Ice       ##....       6%          2    N/A
g - Ozocubu's Armour      Chrm/Ice       #.......     22%         3    N/A

Skill      XL: |  1  2  3  4  5 |
---------------+----------------+-----
Spellcasting   | 3 4 5 |  5.0
Conjurations   | 1 2 |  2.6
Ice Magic      | 3 |  3.8
Dodging        | |  1.5
Stealth        | |  1.5

Action                   |  1- 3 |  4- 6 || total
-------------------------+-------+-------++-------
Melee: Club              |    42 |    21 ||    63
       Unarmed           |     1 |       ||     1
 Cast: Freeze            |    49 |    75 ||   124
       Throw Frost       |    11 |     7 ||    18
       Ozocubu's Armour  |       |     3 ||     3
Evoke: Wand              |       |     5 ||     5
  Use: Scroll            |     7 |       ||     7
 Stab: Sleeping          |     6 |     2 ||     8
Armor: Robe              |    21 |     8 ||    29
Dodge: Dodged            |    65 |    61 ||   126

Inventory:

Hand Weapons
 c - a +1 club (weapon)
   (You took it off a goblin on level 1 of the Dungeon)
Armour
 a - a +0 robe (worn)
 k - a +0 pair of boots
   (You found it on level 5 of the Dungeon)
Jewellery
 d - a ring of stealth (right hand)
   (You found it on level 1 of the Dungeon)
 f - an uncursed amulet of faith
   (You found it on level 1 of the Dungeon)
Wands
 i - a wand of paralysis (0/24)
   (You found it on level 4 of the Dungeon)
Scrolls
 e - 5 scrolls of remove curse
 g - a scroll of amnesia
 h - 4 scrolls of teleportation {unknown}
 j - a scroll of blinking {unknown}
 r - a scroll of identify
Books
 b - a book of Frost

   Spells                             Type                      Level
   a - Freeze                         Ice                          1
   b - Throw Frost                    Conjuration/Ice              2
   c - Ozocubu's Armour               Charms/Ice                   3
   d - Throw Icicle                   Conjuration/Ice              4
   e - Summon Ice Beast               Ice/Summoning                4

Dungeon Overview and Level Annotations

Branches:
Dungeon (5/15)
 Temple: D:4-7

Altars:
Ashenzari
Cheibriados
Fedhas
Okawaru
Xom
Zin
The Shining One

Annotations:
D:2 Sigmund
D:3 exclusion: jackal, zodiak12's ghost, amateur DsFi
D:4 kae's ghost, amateur GrEE
D:5 Ijyb


You were on level 5 of the Dungeon.
You were not hungry.

You visited 1 branch of the dungeon, and saw 5 of its levels.

You collected 91 gold pieces.


Message History

You regained 4 mp, and now have 5/12 mp.
You start resting.
MP restored: 12
There is an open door here.
There is an open door here.
There is an open door here.
There is an open door here.
There is an open door here.
There is an open door here.
You open the door.
There is an open door here.
You open the door.
There is an open door here.
Found 2 lumpy black potions.
An orc comes into view. It is wielding a flail.
The orc shouts!
Aim: an orc, wielding a flail You freeze the orc.
The orc closely misses you.
You now have 11/12 mp.
Aim: an orc, wielding a flail (heavily wounded)
You freeze the orc.
You kill the orc!
You now have 10/12 mp.
You start resting.
MP restored: 12
Things that are here:
a flail; an orc corpse You open the door.
There is an open door here.
Things that are here:
a flail; an orc corpse You now have 91 gold pieces (gained 17).
You open the door.
Found 28 sling bullets.
There is an open door here.
Things that are here:
a flail; an orc corpse
There is an open door here.
There is an open door here.
There is an open door here.
An orc priest comes into view. It is wielding a short sword.
An orc priest is nearby!
An orc comes into view.
Aim: an orc priest, wielding a short sword and wearing a leather armour (resting)
The puff of frost hits the orc priest.
The orc priest shouts!
An orc priest comes into view. It is wielding a flail.
You now have 10/12 mp.
Aim: an orc priest, wielding a short sword and wearing a leather armour (moderately wounded)
The puff of frost hits the orc priest.
The orc shouts!
You now have 8/12 mp.
Aim: an orc priest, wielding a short sword and wearing a leather armour (heavily wounded)
You miscast Throw Frost.
You are very lightly contaminated with residual magic.
Frost covers your body.
An orc comes into view. It is wielding a flail.
You now have 6/12 mp.
The orc priest miscasts a cantrip.
Aim: an orc priest, wielding a short sword and wearing a leather armour (heavily wounded)
You freeze the orc priest.
* * * LOW MAGIC WARNING * * *
The orc priest hits you with a short sword.
You take 1 damage, and have 34/35 hp.
You now have 5/12 mp.
Aim: an orc priest, wielding a short sword and wearing a leather armour (almost dead)
You freeze the orc priest.
You kill the orc priest!
Your Spellcasting skill increases to level 5!
* * * LOW MAGIC WARNING * * *
You now have 4/12 mp.
Aim: an orc You freeze the orc.
* * * LOW MAGIC WARNING * * *
The orc hits you.
The orc priest calls upon Beogh to heal the orc.
The orc's wounds heal themselves!
You take 1 damage, and have 33/35 hp.
You now have 3/12 mp.
Aim: an orc priest, wielding a flail You miscast Freeze.
Nothing appears to happen.
* * * LOW MAGIC WARNING * * *
The orc closely misses you.
Aim: an orc priest, wielding a flail You freeze the orc priest.
* * * LOW MAGIC WARNING * * *
The orc hits you. The orc priest hits you with a flail.
The orc hits you with a flail.
You take 8 damage, and have 25/35 hp.
MASSIVE DAMAGE!!
You now have 2/12 mp.
Aim: an orc priest, wielding a flail (heavily wounded)
You freeze the orc priest.
* * * LOW MAGIC WARNING * * *
The orc hits you.
The orc priest mumbles some strange prayers to Beogh against you.
Beogh smites you!
* * * LOW HITPOINT WARNING * * *
The orc barely misses you.
You take 19 damage, and have 6/35 hp.
MASSIVE DAMAGE!!
You now have 1/12 mp.
You closely miss the orc priest. The orc hits you.
* * * LOW HITPOINT WARNING * * *
The orc priest hits you with a flail!
You die...

#.......#.....#...#....
#.......'.....'...#....
#.......#.....#...'....
##'######.....##'##....
##.###......###...#....
#..<.#......#.....#....
#....#......#.....#....
#....#......#.....#....
+....#@o....#.....'....
######oo....###...#)...
.....#### #...#.!..
.....# #...#....
......# #...#....
.......# #####....
#+##....# ##..#....
#....# #...'....
#..(#....


You could see an orc priest and 2 orcs.

Notes
Turn   | Place    | Note
-------+----------+-------------------------------------------
     0 | D:1      | theanonym the Mummy Ice Elementalist began the quest for the Orb.
     0 | D:1      | Reached XP level 1. HP: 13/13 MP: 4/4
    22 | D:1      | HP: 4/13 [goblin/club (4)]
   283 | D:1      | Reached skill level 3 in Spellcasting
   573 | D:1      | Reached XP level 2. HP: 17/19 MP: 1/6
   597 | D:1      | Learned a level 2 spell: Throw Frost
   965 | D:1      | Reached skill level 1 in Conjurations
  1530 | D:2      | Noticed Sigmund
  1542 | D:2      | HP: 7/19 [Sigmund/puff of flame (12)]
  1901 | D:2      | Reached XP level 3. HP: 21/24 MP: 5/8
  1952 | D:2      | HP: 3/24 [Sigmund/puff of flame (15)]
  2592 | D:2      | Reached skill level 3 in Ice Magic
  2640 | D:2      | Found an iron altar of Okawaru.
  2640 | D:2      | Found a shimmering altar of Xom.
  2641 | D:2      | Found a glowing golden altar of the Shining One.
  2680 | D:2      | Found a snail-covered altar of Cheibriados.
  2957 | D:3      | Learned a level 3 spell: Ozocubu's Armour
  2982 | D:3      | Found a shattered altar of Ashenzari.
  3337 | D:3      | Reached XP level 4. HP: 30/30 MP: 5/9
  3341 | D:3      | Reached skill level 4 in Spellcasting
  3433 | D:3      | Found a blossoming altar of Fedhas.
  3457 | D:3      | Found a glowing silver altar of Zin.
  3508 | D:3      | HP: 12/30 [orc/flail (8)]
  3799 | D:3      | Noticed zodiak12's ghost (amateur DsFi)
  3896 | D:3      | HP: 15/30 [zodiak12's ghost (15)]
  4324 | D:4      | Reached skill level 2 in Conjurations
  4573 | D:4      | Reached XP level 5. HP: 34/35 MP: 6/11
  4739 | D:4      | Noticed kae's ghost (amateur GrEE)
  4764 | D:4      | HP: 11/35 [kae's ghost/stone arrow (18)]
  5114 | D:4      | Noticed a phantom
  5177 | D:4      | Noticed an ogre
  5194 | D:5      | Entered Level 5 of the Dungeon
  5243 | D:5      | HP: 12/35 [gnoll/halberd (7)]
  5474 | D:5      | Noticed Ijyb
  5489 | D:5      | HP: 8/35 [iguana (13)]
  5497 | D:5      | HP: 6/35 [iguana (3)]
  6115 | D:5      | Reached skill level 5 in Spellcasting
  6119 | D:5      | HP: 6/35 [orc priest/divine providence (14)]
  6120 | D:5      | Slain by an orc priest

Vanquished Creatures
  2 hounds (D:4)
  An orc priest (D:5)
  An iguana (D:5)
  3 gnolls (D:5)
  4 adders
  A worm (D:4)
  2 leopard geckos (D:1)
  10 orcs
  2 giant cockroaches
  6 goblins
  8 hobgoblins
  11 jackals
  A kobold (D:1)
  A quokka (D:3)
  4 bats
  2 frilled lizards
  A leopard gecko skeleton (D:5)
  6 rats
66 creatures vanquished.

Vanquished Creatures (others)
  6 fungi (D:3)
6 creatures vanquished.

Grand Total: 72 creatures vanquished
